[ PARTIDA AOE2 · #478265699 ]
UnrankedSarracenos vs Japanese
[ ANÁLISIS DE REPETICIÓN · EXTRAÍDO DE LA PARTIDA GRABADA ]
Feudal
10:32
Castillos
14:08
Imperial
28:29
| APM promedio | 36.7 |
| APM pico | 89 |
| eAPM promedio | 26.0 |
| Aldeanos / militares | 169 / 508 |
Foco
⚔️ 31.9% · 🌾 68.1%
Scout Cavalry ×299 · Mameluke ×196 · Trebuchet (Packed) ×11 · Monk ×2
Feudal
10:11
Castillos
14:17
Imperial
33:10
| APM promedio | 46.2 |
| APM pico | 91 |
| eAPM promedio | 28.6 |
| Aldeanos / militares | 110 / 171 |
Foco
⚔️ 24.3% · 🌾 75.7%
Spearman ×61 · Hand Cannoneer ×52 · Samurai ×46 · Skirmisher ×4 · Battering Ram ×4 · Petard ×2
Feudal
10:32
Castillos
14:10
Imperial
32:42
| APM promedio | 34.7 |
| APM pico | 66 |
| eAPM promedio | 19.3 |
| Aldeanos / militares | 169 / 411 |
Foco
⚔️ 30.7% · 🌾 69.3%
Spearman ×292 · Scorpion ×58 · Mangonel ×26 · Scout Cavalry ×26 · Battering Ram ×5 · Militia ×2
Feudal
—
Castillos
—
Imperial
—
| APM promedio | 26.2 |
| APM pico | 58 |
| eAPM promedio | 19.6 |
| Aldeanos / militares | 167 / 484 |
Foco
⚔️ 34.8% · 🌾 65.2%
Battle Elephant ×193 · Scorpion ×138 · Scout Cavalry ×132 · Trebuchet (Packed) ×19 · Monk ×2
Feudal
11:43
Castillos
15:22
Imperial
—
| APM promedio | 42.5 |
| APM pico | 107 |
| eAPM promedio | 16.3 |
| Aldeanos / militares | 124 / 70 |
Foco
⚔️ 24.3% · 🌾 75.7%
Spearman ×40 · Conquistador ×22 · Petard ×4 · Mangonel ×4
Feudal
8:40
Castillos
15:55
Imperial
30:14
| APM promedio | 42.9 |
| APM pico | 85 |
| eAPM promedio | 29.0 |
| Aldeanos / militares | 166 / 341 |
Foco
⚔️ 38.0% · 🌾 62.0%
Archer ×126 · Berserk ×106 · Spearman ×87 · Battering Ram ×14 · Trebuchet (Packed) ×7 · Monk ×1
Feudal
10:58
Castillos
14:30
Imperial
37:15
| APM promedio | 24.9 |
| APM pico | 50 |
| eAPM promedio | 15.2 |
| Aldeanos / militares | 143 / 155 |
Foco
⚔️ 26.5% · 🌾 73.5%
War Wagon ×79 · Scout Cavalry ×70 · Bombard Cannon ×4 · Iron Pagoda ×2
Feudal
10:32
Castillos
14:21
Imperial
—
| APM promedio | 20.7 |
| APM pico | 56 |
| eAPM promedio | 13.3 |
| Aldeanos / militares | 125 / 72 |
Foco
⚔️ 35.6% · 🌾 64.4%
Gbeto ×57 · Battering Ram ×15
Mapa de la partida
Recursos iniciales + cada clic de construcción. Líneas = muros · curvas = relieve. ◆ oro · ⬟ piedra · ● bayas · ✦ reliquia · ◌ hueco del cierre
Tu base· ✓ Cerrada en 14:08 · 0t muro · 3 puerta(s)
Base de Manuel24· ✓ Cerrada en 14:17 · 0t muro · 2 puerta(s)
Base de ALI· ✓ Cerrada en 14:10 · 0t muro · 2 puerta(s)
Base de ChuckAcsuka· ✓ Cerrada en 11:02 · 0t muro · 3 puerta(s)
Base de 飛越集賢樓· ✓ Cerrada en 15:22 · 0t muro · 3 puerta(s)
Base de Avy Boy ♡· ✓ Cerrada en 15:55 · 0t muro · 2 puerta(s)
Base de ZeiZei· ✓ Cerrada en 14:30 · 0t muro · 3 puerta(s)
Base de 根本舒服~· ✓ Cerrada en 14:21 · 0t muro · 2 puerta(s)
Terreno inicial suavizado · ◌ = hueco del cierre detectado · pasá el cursor para detalles
Inputs por minuto
— 1y - - Manuel24
Build order — 1y
Primeras 150 de 594 acciones detectadas
| 0:01 | Crear | Villager (Male) |
| 0:02 | Crear | Villager (Male) |
| 0:04 | Construir | House |
| 0:07 | Construir | House |
| 0:24 | Crear | Villager (Male) |
| 0:24 | Crear | Villager (Male) |
| 1:26 | Crear | Villager (Male) |
| 1:27 | Crear | Villager (Male) |
| 1:50 | Crear | Villager (Male) |
| 2:12 | Crear | Villager (Male) |
| 2:13 | Crear | Villager (Male) |
| 2:42 | Crear | Villager (Male) |
| 2:42 | Crear | Villager (Male) |
| 3:09 | Construir | Lumber Camp |
| 3:13 | Crear | Villager (Male) |
| 3:27 | Crear | Villager (Male) |
| 3:32 | Construir | House |
| 3:50 | Crear | Villager (Male) |
| 4:12 | Crear | Villager (Male) |
| 4:53 | Crear | Villager (Male) |
| 5:04 | Crear | Villager (Male) |
| 5:28 | Construir | House |
| 5:41 | Crear | Villager (Male) |
| 6:02 | Crear | Villager (Male) |
| 6:22 | Construir | Mill |
| 6:33 | Crear | Villager (Male) |
| 6:54 | Construir | Mill |
| 6:58 | Crear | Villager (Male) |
| 7:13 | Crear | Villager (Male) |
| 7:36 | Crear | Villager (Male) |
| 8:05 | Construir | Mining Camp |
| 8:08 | Investigar | Feudal Age |
| 8:08 | Investigar | Feudal Age |
| 8:47 | Crear | Villager (Male) |
| 8:59 | Construir | Farm |
| 9:21 | Construir | House |
| 10:32 | Edad | Edad Feudal |
| 10:37 | Construir | Market |
| 10:47 | Construir | Blacksmith |
| 10:58 | Crear | Villager (Male) |
| 11:04 | Construir | Farm |
| 11:28 | Investigar | Castle Age |
| 11:28 | Investigar | Castle Age |
| 11:48 | Construir | Farm |
| 11:49 | Construir | Farm |
| 11:59 | Investigar | Double-Bit Axe |
| 12:00 | Investigar | Double-Bit Axe |
| 12:35 | Investigar | Horse Collar |
| 12:35 | Investigar | Horse Collar |
| 12:54 | Crear | Villager (Male) |
| 13:59 | Crear | Villager (Male) |
| 14:08 | Edad | Edad de los Castillos |
| 14:10 | Construir | Town Center |
| 14:35 | Construir | Town Center |
| 14:39 | Crear | Villager (Male) |
| 15:08 | Construir | Farm |
| 15:10 | Crear | Villager (Male) |
| 15:10 | Crear | Villager (Male) |
| 15:14 | Crear | Villager (Male) |
| 15:27 | Crear | Villager (Male) |
| 15:32 | Construir | House |
| 15:41 | Crear | Villager (Male) |
| 15:50 | Construir | Farm |
| 15:52 | Construir | Farm |
| 15:53 | Construir | Farm |
| 15:57 | Crear | Villager (Male) |
| 15:58 | Crear | Villager (Male) |
| 16:02 | Construir | Farm |
| 16:08 | Construir | Farm |
| 16:09 | Crear | Villager (Male) |
| 16:17 | Construir | House |
| 16:18 | Crear | Villager (Male) |
| 16:29 | Construir | Farm |
| 16:35 | Construir | Farm |
| 16:36 | Construir | Farm |
| 16:37 | Construir | Farm |
| 16:40 | Crear | Villager (Male) |
| 16:41 | Crear | Villager (Male) |
| 16:45 | Crear | Villager (Male) |
| 16:51 | Construir | Monastery |
| 16:53 | Crear | Villager (Male) |
| 17:06 | Construir | Farm |
| 17:07 | Crear | Villager (Male) |
| 17:15 | Construir | Farm |
| 17:19 | Crear | Villager (Male) |
| 17:20 | Crear | Villager (Male) |
| 17:25 | Crear | Villager (Male) |
| 17:26 | Crear | Villager (Male) |
| 17:27 | Crear | Villager (Male) |
| 17:32 | Construir | Farm |
| 17:34 | Construir | Farm |
| 17:35 | Construir | Farm |
| 17:42 | Construir | House |
| 17:44 | Construir | House |
| 17:50 | Crear | Villager (Male) |
| 17:50 | Crear | Villager (Male) |
| 17:58 | Crear | Monk |
| 17:59 | Crear | Villager (Male) |
| 17:59 | Crear | Villager (Male) |
| 18:05 | Construir | Farm |
| 18:06 | Crear | Villager (Male) |
| 18:10 | Construir | Farm |
| 18:15 | Construir | Farm |
| 18:16 | Construir | Farm |
| 18:17 | Crear | Villager (Male) |
| 18:17 | Crear | Villager (Male) |
| 18:23 | Construir | Farm |
| 18:26 | Construir | Farm |
| 18:29 | Construir | Farm |
| 18:31 | Crear | Villager (Male) |
| 18:31 | Crear | Villager (Male) |
| 18:34 | Construir | Farm |
| 18:36 | Crear | Villager (Male) |
| 18:36 | Crear | Villager (Male) |
| 18:41 | Construir | House |
| 18:44 | Construir | House |
| 18:46 | Crear | Villager (Male) |
| 18:56 | Crear | Villager (Male) |
| 19:04 | Construir | Farm |
| 19:05 | Construir | Farm |
| 19:06 | Crear | Villager (Male) |
| 19:06 | Crear | Villager (Male) |
| 19:17 | Crear | Villager (Male) |
| 19:18 | Crear | Villager (Male) |
| 19:18 | Crear | Villager (Male) |
| 19:31 | Construir | Farm |
| 19:32 | Construir | Farm |
| 19:34 | Construir | Farm |
| 19:35 | Crear | Villager (Male) |
| 19:35 | Crear | Villager (Male) |
| 19:39 | Construir | House |
| 19:40 | Construir | House |
| 19:45 | Crear | Villager (Male) |
| 20:00 | Investigar | Bow Saw |
| 20:08 | Construir | Farm |
| 20:09 | Construir | Farm |
| 20:11 | Construir | Farm |
| 20:12 | Crear | Villager (Male) |
| 20:12 | Crear | Villager (Male) |
| 20:18 | Construir | Farm |
| 20:19 | Crear | Villager (Male) |
| 20:23 | Crear | Villager (Male) |
| 20:23 | Crear | Villager (Male) |
| 20:30 | Construir | Farm |
| 20:31 | Construir | Farm |
| 20:32 | Construir | Farm |
| 20:34 | Crear | Villager (Male) |
| 20:34 | Crear | Villager (Male) |
| 20:34 | Crear | Villager (Male) |
| 20:41 | Construir | House |
Build order — Manuel24
Primeras 150 de 451 acciones detectadas
| 0:01 | Crear | Villager (Male) |
| 0:01 | Crear | Villager (Male) |
| 0:01 | Crear | Villager (Male) |
| 0:04 | Construir | House |
| 0:08 | Construir | House |
| 0:27 | Crear | Villager (Male) |
| 0:27 | Crear | Villager (Male) |
| 1:25 | Crear | Villager (Male) |
| 1:26 | Crear | Villager (Male) |
| 1:49 | Construir | Lumber Camp |
| 2:01 | Crear | Villager (Male) |
| 2:22 | Crear | Villager (Male) |
| 2:41 | Construir | Mill |
| 2:52 | Crear | Villager (Male) |
| 2:54 | Crear | Villager (Male) |
| 2:54 | Crear | Villager (Male) |
| 3:07 | Construir | Mining Camp |
| 3:34 | Crear | Villager (Male) |
| 3:34 | Crear | Villager (Male) |
| 4:01 | Crear | Villager (Male) |
| 4:01 | Crear | Villager (Male) |
| 4:06 | Construir | House |
| 4:20 | Crear | Villager (Male) |
| 4:48 | Crear | Villager (Male) |
| 5:10 | Crear | Villager (Male) |
| 5:38 | Construir | Mining Camp |
| 5:42 | Crear | Villager (Male) |
| 6:10 | Construir | House |
| 6:20 | Crear | Villager (Male) |
| 6:42 | Crear | Villager (Male) |
| 7:02 | Crear | Villager (Male) |
| 7:33 | Construir | Mill |
| 7:36 | Crear | Villager (Male) |
| 7:54 | Investigar | Feudal Age |
| 7:54 | Investigar | Feudal Age |
| 9:57 | Crear | Villager (Male) |
| 9:58 | Crear | Villager (Male) |
| 10:03 | Construir | House |
| 10:05 | Crear | Villager (Male) |
| 10:11 | Edad | Edad Feudal |
| 10:36 | Construir | Market |
| 10:45 | Construir | Blacksmith |
| 11:37 | Investigar | Castle Age |
| 12:10 | Investigar | Double-Bit Axe |
| 12:10 | Investigar | Double-Bit Axe |
| 12:11 | Investigar | Double-Bit Axe |
| 12:47 | Construir | Lumber Camp |
| 14:03 | Investigar | Gold Mining |
| 14:04 | Investigar | Gold Mining |
| 14:08 | Crear | Villager (Male) |
| 14:17 | Edad | Edad de los Castillos |
| 14:20 | Construir | Castle |
| 14:23 | Crear | Villager (Male) |
| 14:42 | Construir | Farm |
| 14:48 | Construir | Farm |
| 14:57 | Construir | Farm |
| 15:02 | Construir | Farm |
| 15:03 | Crear | Villager (Male) |
| 15:14 | Construir | House |
| 15:24 | Crear | Villager (Male) |
| 15:28 | Construir | Farm |
| 15:33 | Construir | Farm |
| 15:40 | Construir | Farm |
| 15:44 | Crear | Samurai |
| 15:49 | Construir | Siege Workshop |
| 15:50 | Crear | Villager (Male) |
| 15:55 | Crear | Samurai |
| 16:03 | Crear | Samurai |
| 16:04 | Crear | Samurai |
| 16:20 | Crear | Samurai |
| 16:59 | Crear | Samurai |
| 16:59 | Crear | Samurai |
| 17:29 | Crear | Samurai |
| 17:30 | Crear | Samurai |
| 17:49 | Crear | Samurai |
| 17:54 | Construir | Farm |
| 17:54 | Construir | Farm |
| 17:55 | Construir | Farm |
| 17:55 | Construir | Farm |
| 17:55 | Construir | Farm |
| 17:55 | Construir | Farm |
| 17:56 | Construir | Farm |
| 17:58 | Crear | Battering Ram |
| 18:13 | Construir | Farm |
| 18:16 | Crear | Villager (Male) |
| 18:22 | Construir | Farm |
| 18:33 | Crear | Battering Ram |
| 18:41 | Crear | Petard |
| 18:48 | Construir | Farm |
| 19:08 | Crear | Villager (Male) |
| 19:13 | Crear | Battering Ram |
| 19:19 | Crear | Samurai |
| 19:20 | Crear | Samurai |
| 19:20 | Crear | Samurai |
| 19:29 | Crear | Villager (Male) |
| 19:48 | Crear | Battering Ram |
| 19:49 | Crear | Samurai |
| 19:50 | Crear | Samurai |
| 20:01 | Crear | Villager (Male) |
| 20:01 | Crear | Villager (Male) |
| 20:08 | Construir | House |
| 20:15 | Crear | Petard |
| 20:26 | Crear | Villager (Male) |
| 20:26 | Crear | Villager (Male) |
| 20:33 | Construir | Farm |
| 20:38 | Crear | Samurai |
| 20:39 | Crear | Samurai |
| 20:49 | Crear | Samurai |
| 20:50 | Crear | Samurai |
| 21:13 | Crear | Samurai |
| 21:14 | Crear | Samurai |
| 21:14 | Crear | Samurai |
| 22:14 | Investigar | Wheelbarrow |
| 22:14 | Investigar | Wheelbarrow |
| 22:23 | Construir | House |
| 22:33 | Construir | Town Center |
| 22:40 | Investigar | Scale Mail Armor |
| 22:40 | Investigar | Scale Mail Armor |
| 22:48 | Crear | Samurai |
| 22:48 | Crear | Samurai |
| 22:49 | Crear | Samurai |
| 22:52 | Crear | Samurai |
| 22:53 | Crear | Samurai |
| 23:21 | Investigar | Forging |
| 23:21 | Investigar | Forging |
| 23:58 | Crear | Samurai |
| 23:58 | Crear | Samurai |
| 23:59 | Crear | Samurai |
| 23:59 | Crear | Samurai |
| 24:00 | Crear | Samurai |
| 24:00 | Crear | Samurai |
| 24:18 | Crear | Villager (Male) |
| 24:22 | Construir | House |
| 25:03 | Crear | Mangonel |
| 25:05 | Crear | Villager (Male) |
| 28:07 | Investigar | Hand Cart |
| 28:07 | Investigar | Hand Cart |
| 28:10 | Crear | Samurai |
| 28:10 | Crear | Samurai |
| 28:31 | Investigar | Loom |
| 28:31 | Investigar | Loom |
| 28:33 | Investigar | Horse Collar |
| 28:33 | Investigar | Horse Collar |
| 29:10 | Crear | Villager (Male) |
| 29:10 | Crear | Villager (Male) |
| 29:11 | Crear | Villager (Male) |
| 29:11 | Crear | Villager (Male) |
| 29:12 | Crear | Villager (Male) |
| 29:12 | Crear | Villager (Male) |
| 29:48 | Construir | Farm |
Build order — ALI
Primeras 150 de 505 acciones detectadas
| 0:02 | Crear | Villager (Male) |
| 0:02 | Crear | Villager (Male) |
| 0:02 | Crear | Villager (Male) |
| 0:03 | Crear | Villager (Male) |
| 0:04 | Construir | House |
| 0:05 | Construir | House |
| 1:23 | Crear | Villager (Male) |
| 2:06 | Crear | Villager (Male) |
| 2:07 | Crear | Villager (Male) |
| 2:23 | Construir | Lumber Camp |
| 2:28 | Crear | Villager (Male) |
| 2:28 | Crear | Villager (Male) |
| 2:33 | Crear | Villager (Male) |
| 2:51 | Crear | Villager (Male) |
| 3:09 | Crear | Villager (Male) |
| 3:33 | Construir | House |
| 3:41 | Construir | House |
| 3:45 | Crear | Villager (Male) |
| 3:46 | Crear | Villager (Male) |
| 4:04 | Crear | Villager (Male) |
| 4:19 | Crear | Villager (Male) |
| 4:20 | Crear | Villager (Male) |
| 4:46 | Construir | Mill |
| 4:48 | Crear | Villager (Male) |
| 5:10 | Crear | Villager (Male) |
| 5:10 | Crear | Villager (Male) |
| 5:11 | Crear | Villager (Male) |
| 5:29 | Crear | Villager (Male) |
| 5:44 | Construir | Farm |
| 5:45 | Crear | Villager (Male) |
| 5:46 | Crear | Villager (Male) |
| 6:05 | Construir | Mill |
| 6:22 | Crear | Villager (Male) |
| 6:22 | Crear | Villager (Male) |
| 6:49 | Construir | Farm |
| 7:05 | Crear | Villager (Male) |
| 7:05 | Crear | Villager (Male) |
| 7:06 | Crear | Villager (Male) |
| 7:06 | Crear | Villager (Male) |
| 7:33 | Crear | Villager (Male) |
| 7:51 | Construir | Mining Camp |
| 8:16 | Investigar | Feudal Age |
| 8:25 | Construir | Farm |
| 8:49 | Crear | Villager (Male) |
| 8:50 | Crear | Villager (Male) |
| 10:32 | Edad | Edad Feudal |
| 10:37 | Construir | Market |
| 10:39 | Construir | Blacksmith |
| 11:30 | Investigar | Castle Age |
| 11:31 | Investigar | Castle Age |
| 11:49 | Investigar | Double-Bit Axe |
| 11:49 | Investigar | Double-Bit Axe |
| 12:09 | Investigar | Loom |
| 12:09 | Investigar | Loom |
| 12:49 | Construir | House |
| 13:55 | Crear | Villager (Male) |
| 13:55 | Crear | Villager (Male) |
| 14:10 | Edad | Edad de los Castillos |
| 14:20 | Crear | Villager (Male) |
| 14:27 | Investigar | Bow Saw |
| 14:27 | Investigar | Bow Saw |
| 14:32 | Construir | House |
| 14:53 | Crear | Villager (Male) |
| 15:13 | Construir | Siege Workshop |
| 15:20 | Construir | Siege Workshop |
| 15:25 | Crear | Villager (Male) |
| 15:25 | Crear | Villager (Male) |
| 15:35 | Construir | House |
| 15:42 | Crear | Villager (Male) |
| 15:42 | Crear | Villager (Male) |
| 15:56 | Crear | Battering Ram |
| 15:56 | Crear | Battering Ram |
| 16:00 | Crear | Villager (Male) |
| 16:00 | Crear | Villager (Male) |
| 16:07 | Construir | Farm |
| 16:27 | Construir | Lumber Camp |
| 16:30 | Crear | Battering Ram |
| 16:30 | Crear | Battering Ram |
| 16:30 | Crear | Battering Ram |
| 16:42 | Crear | Scorpion ×5 |
| 16:43 | Crear | Scorpion ×5 |
| 17:16 | Construir | Lumber Camp |
| 17:42 | Crear | Villager (Male) |
| 17:42 | Crear | Villager (Male) |
| 17:43 | Crear | Villager (Male) |
| 17:43 | Crear | Villager (Male) |
| 17:43 | Crear | Villager (Male) |
| 17:46 | Construir | House |
| 18:05 | Construir | Town Center |
| 18:11 | Construir | Farm |
| 18:20 | Investigar | Horse Collar |
| 18:20 | Investigar | Horse Collar |
| 18:22 | Crear | Villager (Male) |
| 18:23 | Crear | Villager (Male) |
| 18:25 | Construir | House |
| 18:38 | Construir | Farm |
| 18:38 | Construir | Farm |
| 18:39 | Construir | Farm |
| 18:39 | Construir | Farm |
| 18:39 | Construir | Farm |
| 18:42 | Construir | Farm |
| 18:51 | Construir | House |
| 18:54 | Crear | Villager (Male) |
| 19:00 | Construir | Farm |
| 19:06 | Crear | Villager (Male) |
| 19:07 | Crear | Villager (Male) |
| 19:37 | Construir | Town Center |
| 19:40 | Crear | Villager (Male) |
| 19:45 | Crear | Villager (Male) |
| 19:49 | Construir | House |
| 19:54 | Construir | Farm |
| 19:55 | Construir | Farm |
| 19:55 | Construir | Farm |
| 19:55 | Construir | Farm |
| 19:58 | Construir | Farm |
| 20:02 | Crear | Villager (Male) |
| 20:03 | Crear | Villager (Male) |
| 20:07 | Crear | Villager (Male) |
| 20:19 | Crear | Villager (Male) |
| 20:29 | Crear | Villager (Male) |
| 20:35 | Construir | Farm |
| 20:36 | Crear | Villager (Male) |
| 20:44 | Construir | House |
| 20:50 | Crear | Villager (Male) |
| 20:52 | Crear | Villager (Male) |
| 20:57 | Crear | Villager (Male) |
| 20:58 | Crear | Villager (Male) |
| 21:04 | Crear | Villager (Male) |
| 21:04 | Crear | Villager (Male) |
| 21:26 | Crear | Villager (Male) |
| 21:26 | Crear | Villager (Male) |
| 21:27 | Crear | Villager (Male) |
| 21:34 | Construir | Farm |
| 21:34 | Construir | Farm |
| 21:34 | Construir | Farm |
| 21:34 | Construir | Farm |
| 21:50 | Construir | Siege Workshop |
| 22:05 | Construir | Gate |
| 22:09 | Crear | Villager (Male) |
| 22:10 | Crear | Villager (Male) |
| 22:12 | Construir | Farm |
| 22:13 | Construir | Farm |
| 22:19 | Construir | House |
| 22:21 | Crear | Villager (Male) |
| 22:21 | Crear | Villager (Male) |
| 22:22 | Crear | Villager (Male) |
| 22:22 | Crear | Villager (Male) |
| 22:31 | Construir | House |
| 22:34 | Crear | Villager (Male) |
| 22:34 | Crear | Villager (Male) |
Build order — ChuckAcsuka
Primeras 150 de 479 acciones detectadas
| 0:01 | Crear | Villager (Male) |
| 0:02 | Crear | Villager (Male) |
| 0:03 | Construir | House |
| 0:04 | Construir | House |
| 0:11 | Crear | Villager (Male) |
| 0:11 | Crear | Villager (Male) |
| 1:25 | Crear | Villager (Male) |
| 1:25 | Crear | Villager (Male) |
| 1:50 | Crear | Villager (Male) |
| 1:50 | Crear | Villager (Male) |
| 2:13 | Construir | Lumber Camp |
| 2:32 | Crear | Villager (Male) |
| 2:33 | Crear | Villager (Male) |
| 2:34 | Crear | Villager (Male) |
| 2:34 | Crear | Villager (Male) |
| 2:51 | Construir | House |
| 3:54 | Crear | Villager (Male) |
| 3:54 | Crear | Villager (Male) |
| 3:58 | Crear | Villager (Male) |
| 3:58 | Crear | Villager (Male) |
| 5:00 | Construir | Mill |
| 5:04 | Crear | Villager (Male) |
| 5:04 | Crear | Villager (Male) |
| 5:35 | Crear | Villager (Male) |
| 5:36 | Crear | Villager (Male) |
| 5:42 | Construir | House |
| 6:04 | Crear | Villager (Male) |
| 6:15 | Construir | Mill |
| 6:23 | Crear | Villager (Male) |
| 6:55 | Construir | Mining Camp |
| 7:21 | Crear | Villager (Male) |
| 8:20 | Investigar | Feudal Age |
| 9:31 | Construir | Farm |
| 10:16 | Construir | Farm |
| 10:18 | Crear | Villager (Male) |
| 10:18 | Crear | Villager (Male) |
| 10:19 | Construir | Farm |
| 11:02 | Investigar | Castle Age |
| 11:42 | Construir | House |
| 12:05 | Investigar | Double-Bit Axe |
| 13:11 | Crear | Villager (Male) |
| 13:11 | Crear | Villager (Male) |
| 13:36 | Investigar | Horse Collar |
| 13:47 | Construir | Town Center |
| 13:54 | Construir | Town Center |
| 13:58 | Crear | Villager (Male) |
| 14:00 | Construir | Farm |
| 14:04 | Investigar | Heavy Plow |
| 14:10 | Crear | Villager (Male) |
| 14:15 | Construir | Farm |
| 14:25 | Construir | House |
| 14:36 | Crear | Villager (Male) |
| 14:36 | Crear | Villager (Male) |
| 15:02 | Crear | Villager (Male) |
| 15:03 | Crear | Villager (Male) |
| 15:09 | Crear | Villager (Male) |
| 15:12 | Construir | Farm |
| 15:13 | Crear | Villager (Male) |
| 15:16 | Construir | Farm |
| 15:20 | Construir | Farm |
| 15:21 | Crear | Villager (Male) |
| 15:22 | Crear | Villager (Male) |
| 15:41 | Construir | Farm |
| 15:43 | Crear | Villager (Male) |
| 15:43 | Crear | Villager (Male) |
| 15:50 | Construir | Farm |
| 15:58 | Crear | Villager (Male) |
| 15:58 | Crear | Villager (Male) |
| 15:59 | Crear | Villager (Male) |
| 16:03 | Construir | Farm |
| 16:10 | Crear | Villager (Male) |
| 16:10 | Crear | Villager (Male) |
| 16:10 | Crear | Villager (Male) |
| 16:15 | Investigar | Loom |
| 16:20 | Crear | Villager (Male) |
| 16:20 | Crear | Villager (Male) |
| 16:27 | Construir | Farm |
| 16:35 | Construir | Farm |
| 16:36 | Crear | Villager (Male) |
| 16:36 | Crear | Villager (Male) |
| 16:36 | Crear | Villager (Male) |
| 16:54 | Crear | Villager (Male) |
| 16:55 | Crear | Villager (Male) |
| 17:01 | Construir | Farm |
| 17:04 | Crear | Villager (Male) |
| 17:05 | Crear | Villager (Male) |
| 17:19 | Crear | Villager (Male) |
| 17:19 | Crear | Villager (Male) |
| 17:21 | Construir | Farm |
| 17:26 | Construir | Farm |
| 17:29 | Construir | Farm |
| 17:31 | Construir | Farm |
| 17:32 | Crear | Villager (Male) |
| 17:32 | Crear | Villager (Male) |
| 17:33 | Crear | Villager (Male) |
| 17:34 | Crear | Villager (Male) |
| 17:45 | Construir | Farm |
| 17:46 | Crear | Villager (Male) |
| 17:46 | Crear | Villager (Male) |
| 17:52 | Crear | Villager (Male) |
| 17:55 | Construir | Farm |
| 18:02 | Crear | Villager (Male) |
| 18:02 | Crear | Villager (Male) |
| 18:08 | Crear | Villager (Male) |
| 18:13 | Construir | House |
| 18:19 | Construir | House |
| 18:20 | Construir | House |
| 18:24 | Construir | Farm |
| 18:27 | Construir | Farm |
| 18:34 | Investigar | Wheelbarrow |
| 18:43 | Construir | Farm |
| 18:44 | Crear | Villager (Male) |
| 18:44 | Crear | Villager (Male) |
| 18:49 | Crear | Villager (Male) |
| 18:49 | Crear | Villager (Male) |
| 18:49 | Crear | Villager (Male) |
| 18:56 | Construir | Farm |
| 18:57 | Crear | Villager (Male) |
| 18:57 | Crear | Villager (Male) |
| 19:08 | Construir | House |
| 19:09 | Construir | House |
| 19:19 | Crear | Villager (Male) |
| 19:20 | Crear | Villager (Male) |
| 19:25 | Construir | Monastery |
| 19:29 | Construir | House |
| 19:33 | Crear | Villager (Male) |
| 19:33 | Crear | Villager (Male) |
| 19:37 | Crear | Villager (Male) |
| 19:37 | Crear | Villager (Male) |
| 19:49 | Construir | Mining Camp |
| 19:51 | Crear | Villager (Male) |
| 19:51 | Crear | Villager (Male) |
| 19:59 | Investigar | Gold Mining |
| 20:07 | Investigar | Bow Saw |
| 20:12 | Crear | Villager (Male) |
| 20:12 | Crear | Villager (Male) |
| 20:16 | Crear | Monk |
| 20:36 | Crear | Villager (Male) |
| 20:36 | Crear | Villager (Male) |
| 20:36 | Crear | Villager (Male) |
| 20:50 | Construir | House |
| 20:51 | Construir | House |
| 20:52 | Construir | House |
| 20:55 | Construir | Farm |
| 20:57 | Construir | House |
| 20:59 | Construir | House |
| 20:59 | Construir | House |
| 21:00 | Construir | House |
| 21:01 | Crear | Villager (Male) |
| 21:02 | Crear | Villager (Male) |
Build order — 飛越集賢樓
Primeras 150 de 296 acciones detectadas
| 0:01 | Crear | Villager (Male) |
| 0:01 | Crear | Villager (Male) |
| 0:03 | Construir | House |
| 0:04 | Construir | House |
| 0:10 | Crear | Villager (Male) |
| 0:10 | Crear | Villager (Male) |
| 1:24 | Crear | Villager (Male) |
| 1:24 | Crear | Villager (Male) |
| 2:13 | Construir | Lumber Camp |
| 2:21 | Crear | Villager (Male) |
| 2:22 | Crear | Villager (Male) |
| 2:23 | Crear | Villager (Male) |
| 2:23 | Crear | Villager (Male) |
| 3:21 | Crear | Villager (Male) |
| 3:21 | Crear | Villager (Male) |
| 3:48 | Crear | Villager (Male) |
| 3:48 | Crear | Villager (Male) |
| 3:49 | Crear | Villager (Male) |
| 3:49 | Crear | Villager (Male) |
| 3:55 | Construir | House |
| 4:06 | Crear | Villager (Male) |
| 4:06 | Crear | Villager (Male) |
| 4:16 | Construir | House |
| 4:51 | Construir | House |
| 5:29 | Construir | Mill |
| 5:48 | Crear | Villager (Male) |
| 5:48 | Crear | Villager (Male) |
| 5:48 | Crear | Villager (Male) |
| 5:48 | Crear | Villager (Male) |
| 5:49 | Crear | Villager (Male) |
| 5:49 | Crear | Villager (Male) |
| 5:49 | Crear | Villager (Male) |
| 6:07 | Crear | Villager (Male) |
| 6:21 | Construir | Mill |
| 8:03 | Construir | Mining Camp |
| 8:37 | Crear | Villager (Male) |
| 8:38 | Crear | Villager (Male) |
| 8:50 | Construir | Mining Camp |
| 9:06 | Investigar | Feudal Age |
| 10:28 | Crear | Villager (Male) |
| 10:28 | Crear | Villager (Male) |
| 10:38 | Construir | Farm |
| 10:59 | Construir | Farm |
| 11:43 | Edad | Edad Feudal |
| 11:45 | Construir | Market |
| 11:51 | Construir | Blacksmith |
| 12:42 | Investigar | Castle Age |
| 13:26 | Investigar | Double-Bit Axe |
| 13:28 | Investigar | Horse Collar |
| 13:53 | Construir | Farm |
| 13:56 | Construir | Farm |
| 14:16 | Construir | House |
| 14:20 | Construir | House |
| 14:32 | Investigar | Loom |
| 15:22 | Edad | Edad de los Castillos |
| 15:34 | Crear | Villager (Male) |
| 15:34 | Crear | Villager (Male) |
| 16:00 | Construir | Castle |
| 16:31 | Construir | Farm |
| 16:32 | Construir | Farm |
| 17:32 | Crear | Villager (Male) |
| 17:34 | Construir | Farm |
| 17:52 | Crear | Villager (Male) |
| 18:46 | Construir | Castle |
| 19:03 | Construir | House |
| 19:06 | Construir | House |
| 19:11 | Crear | Villager (Male) |
| 19:11 | Crear | Villager (Male) |
| 19:16 | Investigar | Bow Saw |
| 19:24 | Construir | Farm |
| 19:25 | Construir | Farm |
| 19:26 | Construir | Farm |
| 19:42 | Construir | Farm |
| 19:53 | Crear | Villager (Male) |
| 20:07 | Crear | Villager (Male) |
| 20:22 | Crear | Conquistador |
| 20:23 | Crear | Conquistador |
| 20:28 | Crear | Villager (Male) |
| 20:30 | Construir | Farm |
| 20:54 | Construir | Farm |
| 20:55 | Crear | Villager (Male) |
| 20:57 | Crear | Conquistador |
| 21:29 | Crear | Conquistador |
| 21:44 | Crear | Conquistador |
| 21:58 | Construir | Siege Workshop |
| 22:16 | Crear | Villager (Male) |
| 22:17 | Crear | Villager (Male) |
| 22:42 | Construir | Stone Wall |
| 22:47 | Construir | Stone Wall |
| 22:50 | Construir | Stone Wall |
| 23:06 | Crear | Conquistador |
| 23:24 | Crear | Villager (Male) |
| 23:24 | Crear | Villager (Male) |
| 23:40 | Investigar | Gold Mining |
| 23:48 | Crear | Mangonel |
| 23:48 | Crear | Mangonel |
| 23:54 | Crear | Villager (Male) |
| 24:31 | Crear | Conquistador |
| 25:04 | Crear | Conquistador |
| 25:05 | Crear | Conquistador |
| 25:10 | Crear | Villager (Male) |
| 25:10 | Crear | Villager (Male) |
| 25:28 | Construir | Town Center |
| 25:31 | Crear | Villager (Male) |
| 26:14 | Crear | Petard |
| 26:14 | Crear | Petard |
| 26:23 | Crear | Villager (Male) |
| 26:23 | Crear | Villager (Male) |
| 26:27 | Construir | Farm |
| 26:28 | Construir | Farm |
| 26:30 | Construir | Farm |
| 26:34 | Construir | Farm |
| 26:34 | Construir | Farm |
| 26:35 | Construir | Farm |
| 26:46 | Crear | Conquistador |
| 26:47 | Crear | Conquistador |
| 27:24 | Construir | House |
| 27:25 | Construir | House |
| 27:25 | Construir | House |
| 27:31 | Crear | Conquistador |
| 27:32 | Crear | Conquistador |
| 27:46 | Crear | Villager (Male) |
| 27:46 | Crear | Villager (Male) |
| 27:50 | Construir | Farm |
| 27:51 | Construir | Farm |
| 27:51 | Construir | Farm |
| 27:53 | Investigar | Heavy Plow |
| 27:55 | Crear | Villager (Male) |
| 27:56 | Crear | Villager (Male) |
| 27:56 | Crear | Villager (Male) |
| 28:47 | Crear | Petard |
| 28:47 | Crear | Petard |
| 28:55 | Construir | Barracks |
| 29:02 | Crear | Villager (Male) |
| 29:03 | Crear | Villager (Male) |
| 29:03 | Crear | Villager (Male) |
| 29:03 | Crear | Villager (Male) |
| 29:03 | Crear | Villager (Male) |
| 29:06 | Construir | Farm |
| 29:14 | Investigar | Wheelbarrow |
| 29:19 | Crear | Villager (Male) |
| 29:19 | Crear | Villager (Male) |
| 29:21 | Investigar | Stone Mining |
| 29:23 | Crear | Conquistador |
| 29:23 | Crear | Conquistador |
| 29:23 | Crear | Conquistador |
| 30:08 | Construir | Farm |
| 30:08 | Construir | Farm |
| 30:13 | Crear | Villager (Male) |
| 30:13 | Crear | Villager (Male) |
Build order — Avy Boy ♡
Primeras 150 de 579 acciones detectadas
| 0:05 | Crear | Villager (Male) |
| 0:06 | Crear | Villager (Male) |
| 0:07 | Construir | House |
| 0:09 | Construir | House |
| 0:21 | Crear | Villager (Male) |
| 0:34 | Crear | Villager (Male) |
| 0:35 | Crear | Villager (Male) |
| 1:39 | Crear | Villager (Male) |
| 1:52 | Construir | Lumber Camp |
| 2:00 | Construir | Lumber Camp |
| 2:01 | Crear | Villager (Male) |
| 2:29 | Crear | Villager (Male) |
| 2:30 | Crear | Villager (Male) |
| 3:03 | Crear | Villager (Male) |
| 3:03 | Crear | Villager (Male) |
| 3:19 | Crear | Villager (Male) |
| 3:20 | Crear | Villager (Male) |
| 3:34 | Construir | House |
| 3:52 | Crear | Villager (Male) |
| 3:52 | Crear | Villager (Male) |
| 3:52 | Crear | Villager (Male) |
| 4:20 | Crear | Villager (Male) |
| 4:20 | Crear | Villager (Male) |
| 4:20 | Crear | Villager (Male) |
| 4:31 | Construir | Mill |
| 5:10 | Crear | Villager (Male) |
| 5:11 | Crear | Villager (Male) |
| 5:32 | Crear | Villager (Male) |
| 5:56 | Crear | Villager (Male) |
| 6:30 | Investigar | Feudal Age |
| 7:18 | Construir | Mill |
| 7:24 | Crear | Villager (Male) |
| 7:33 | Construir | House |
| 7:34 | Construir | House |
| 8:19 | Construir | Farm |
| 8:27 | Construir | Farm |
| 8:32 | Crear | Villager (Male) |
| 8:40 | Edad | Edad Feudal |
| 8:50 | Investigar | Double-Bit Axe |
| 8:50 | Investigar | Double-Bit Axe |
| 9:23 | Crear | Villager (Male) |
| 9:42 | Construir | Mining Camp |
| 9:48 | Crear | Villager (Male) |
| 10:12 | Crear | Villager (Male) |
| 10:14 | Construir | Farm |
| 10:18 | Crear | Villager (Male) |
| 10:37 | Crear | Villager (Male) |
| 11:00 | Crear | Villager (Male) |
| 11:13 | Construir | Farm |
| 11:18 | Crear | Villager (Male) |
| 11:25 | Construir | Farm |
| 11:26 | Construir | Farm |
| 12:04 | Construir | Market |
| 12:19 | Crear | Villager (Male) |
| 12:41 | Crear | Villager (Male) |
| 12:47 | Construir | Blacksmith |
| 13:12 | Investigar | Castle Age |
| 13:12 | Investigar | Castle Age |
| 14:06 | Investigar | Horse Collar |
| 14:06 | Investigar | Horse Collar |
| 15:55 | Edad | Edad de los Castillos |
| 15:57 | Construir | Town Center |
| 15:58 | Crear | Villager (Male) |
| 15:59 | Crear | Villager (Male) |
| 16:03 | Investigar | Loom |
| 16:06 | Construir | Town Center |
| 16:09 | Construir | House |
| 16:21 | Investigar | Bow Saw |
| 16:21 | Investigar | Bow Saw |
| 16:22 | Investigar | Heavy Plow |
| 16:35 | Crear | Villager (Male) |
| 16:54 | Crear | Villager (Male) |
| 16:55 | Crear | Villager (Male) |
| 17:04 | Construir | Farm |
| 17:05 | Construir | Farm |
| 17:05 | Construir | Farm |
| 17:07 | Crear | Villager (Male) |
| 17:08 | Crear | Villager (Male) |
| 17:09 | Crear | Villager (Male) |
| 17:17 | Crear | Villager (Male) |
| 17:21 | Construir | Monastery |
| 17:23 | Construir | House |
| 17:26 | Crear | Villager (Male) |
| 17:42 | Construir | Farm |
| 17:46 | Crear | Villager (Male) |
| 17:46 | Crear | Villager (Male) |
| 17:48 | Construir | Farm |
| 17:50 | Construir | Farm |
| 17:54 | Construir | Farm |
| 17:59 | Crear | Villager (Male) |
| 17:59 | Crear | Villager (Male) |
| 18:02 | Construir | Farm |
| 18:09 | Crear | Villager (Male) |
| 18:16 | Crear | Monk |
| 18:18 | Crear | Villager (Male) |
| 18:22 | Construir | House |
| 18:23 | Construir | House |
| 18:24 | Crear | Villager (Male) |
| 18:24 | Crear | Villager (Male) |
| 18:24 | Crear | Villager (Male) |
| 18:35 | Construir | Farm |
| 18:35 | Construir | Farm |
| 18:36 | Construir | Farm |
| 18:38 | Construir | Farm |
| 18:41 | Crear | Villager (Male) |
| 18:46 | Construir | Farm |
| 18:46 | Construir | Farm |
| 18:47 | Construir | Farm |
| 18:49 | Construir | Farm |
| 18:51 | Construir | Farm |
| 18:54 | Construir | Farm |
| 19:04 | Crear | Villager (Male) |
| 19:11 | Crear | Villager (Male) |
| 19:19 | Crear | Villager (Male) |
| 19:23 | Construir | Farm |
| 19:31 | Construir | House |
| 19:32 | Construir | House |
| 19:34 | Construir | Farm |
| 19:42 | Crear | Villager (Male) |
| 19:42 | Crear | Villager (Male) |
| 19:42 | Crear | Villager (Male) |
| 19:45 | Construir | Lumber Camp |
| 20:02 | Crear | Villager (Male) |
| 20:03 | Crear | Villager (Male) |
| 20:04 | Crear | Villager (Male) |
| 20:04 | Crear | Villager (Male) |
| 20:04 | Crear | Villager (Male) |
| 20:04 | Crear | Villager (Male) |
| 20:10 | Crear | Villager (Male) |
| 20:14 | Construir | Farm |
| 20:15 | Construir | Farm |
| 20:17 | Crear | Villager (Male) |
| 20:24 | Crear | Villager (Male) |
| 20:24 | Crear | Villager (Male) |
| 20:27 | Construir | Town Center |
| 20:31 | Construir | House |
| 20:42 | Crear | Villager (Male) |
| 20:42 | Crear | Villager (Male) |
| 20:47 | Construir | Farm |
| 20:55 | Crear | Villager (Male) |
| 20:56 | Crear | Villager (Male) |
| 21:07 | Construir | Farm |
| 21:08 | Crear | Villager (Male) |
| 21:16 | Construir | Farm |
| 21:17 | Construir | Farm |
| 21:18 | Construir | Farm |
| 21:24 | Construir | Farm |
| 21:25 | Crear | Villager (Male) |
| 21:27 | Crear | Villager (Male) |
| 21:28 | Crear | Villager (Male) |
Build order — ZeiZei
Primeras 150 de 404 acciones detectadas
| 0:01 | Crear | Villager (Male) |
| 0:01 | Crear | Villager (Male) |
| 0:02 | Crear | Villager (Male) |
| 0:03 | Construir | House |
| 0:04 | Construir | House |
| 0:30 | Crear | Villager (Male) |
| 0:30 | Crear | Villager (Male) |
| 1:26 | Crear | Villager (Male) |
| 1:26 | Crear | Villager (Male) |
| 1:50 | Crear | Villager (Male) |
| 1:51 | Crear | Villager (Male) |
| 2:10 | Construir | Lumber Camp |
| 2:23 | Crear | Villager (Male) |
| 2:23 | Crear | Villager (Male) |
| 2:32 | Crear | Villager (Male) |
| 2:32 | Crear | Villager (Male) |
| 2:52 | Crear | Villager (Male) |
| 2:52 | Crear | Villager (Male) |
| 3:24 | Crear | Villager (Male) |
| 3:25 | Crear | Villager (Male) |
| 3:50 | Crear | Villager (Male) |
| 3:50 | Crear | Villager (Male) |
| 3:52 | Construir | House |
| 3:53 | Construir | House |
| 4:30 | Crear | Villager (Male) |
| 4:30 | Crear | Villager (Male) |
| 5:05 | Crear | Villager (Male) |
| 5:06 | Crear | Villager (Male) |
| 5:38 | Construir | Mill |
| 5:40 | Crear | Villager (Male) |
| 5:41 | Crear | Villager (Male) |
| 6:23 | Crear | Villager (Male) |
| 6:24 | Crear | Villager (Male) |
| 6:50 | Crear | Villager (Male) |
| 6:59 | Crear | Villager (Male) |
| 7:22 | Crear | Villager (Male) |
| 7:23 | Crear | Villager (Male) |
| 7:24 | Crear | Villager (Male) |
| 7:38 | Construir | Mining Camp |
| 8:26 | Construir | House |
| 8:30 | Investigar | Feudal Age |
| 8:58 | Construir | Mill |
| 9:05 | Crear | Villager (Male) |
| 9:06 | Crear | Villager (Male) |
| 10:58 | Edad | Edad Feudal |
| 11:00 | Construir | Market |
| 11:03 | Construir | Blacksmith |
| 11:26 | Construir | Mining Camp |
| 11:50 | Investigar | Castle Age |
| 12:15 | Crear | Villager (Male) |
| 12:21 | Investigar | Double-Bit Axe |
| 12:41 | Investigar | Stone Mining |
| 13:42 | Investigar | Horse Collar |
| 14:13 | Crear | Villager (Male) |
| 14:14 | Crear | Villager (Male) |
| 14:30 | Edad | Edad de los Castillos |
| 14:31 | Construir | Town Center |
| 14:38 | Construir | Farm |
| 14:39 | Construir | Farm |
| 14:57 | Construir | Farm |
| 15:00 | Crear | Villager (Male) |
| 15:04 | Construir | Farm |
| 15:19 | Construir | Farm |
| 15:20 | Construir | Farm |
| 15:32 | Construir | Farm |
| 15:45 | Crear | Villager (Male) |
| 15:45 | Crear | Villager (Male) |
| 16:14 | Construir | House |
| 16:15 | Construir | House |
| 16:20 | Investigar | Loom |
| 16:42 | Construir | House |
| 16:44 | Construir | House |
| 17:07 | Crear | Villager (Male) |
| 17:07 | Crear | Villager (Male) |
| 17:26 | Construir | Castle |
| 17:32 | Crear | Villager (Male) |
| 17:32 | Crear | Villager (Male) |
| 18:28 | Construir | Siege Workshop |
| 18:46 | Construir | Farm |
| 18:55 | Crear | Villager (Male) |
| 18:55 | Crear | Villager (Male) |
| 19:27 | Crear | Villager (Male) |
| 19:28 | Crear | Villager (Male) |
| 19:30 | Construir | Farm |
| 19:40 | Crear | Iron Pagoda |
| 19:56 | Construir | Farm |
| 19:56 | Crear | Villager (Male) |
| 19:57 | Crear | Villager (Male) |
| 20:06 | Construir | Farm |
| 20:16 | Construir | Farm |
| 20:18 | Crear | Villager (Male) |
| 20:19 | Crear | Villager (Male) |
| 20:22 | Crear | War Wagon |
| 20:33 | Construir | Farm |
| 20:46 | Crear | Villager (Male) |
| 20:46 | Crear | Villager (Male) |
| 20:50 | Construir | Farm |
| 20:53 | Construir | Farm |
| 21:00 | Crear | Villager (Male) |
| 21:13 | Construir | Farm |
| 21:14 | Construir | Farm |
| 21:21 | Construir | Farm |
| 21:23 | Crear | Villager (Male) |
| 21:37 | Crear | Villager (Male) |
| 21:37 | Crear | Villager (Male) |
| 21:39 | Construir | Farm |
| 21:45 | Crear | Villager (Male) |
| 21:53 | Crear | Iron Pagoda |
| 22:03 | Crear | Villager (Male) |
| 22:03 | Crear | Villager (Male) |
| 22:14 | Construir | Farm |
| 22:14 | Construir | Farm |
| 22:15 | Crear | Villager (Male) |
| 22:15 | Crear | Villager (Male) |
| 23:12 | Crear | War Wagon |
| 23:13 | Crear | War Wagon |
| 23:29 | Crear | War Wagon |
| 23:53 | Crear | War Wagon |
| 24:20 | Crear | Villager (Male) |
| 24:21 | Crear | Villager (Male) |
| 24:43 | Crear | Villager (Male) |
| 24:43 | Investigar | Wheelbarrow |
| 25:01 | Crear | Villager (Male) |
| 25:01 | Crear | Villager (Male) |
| 25:10 | Construir | Siege Workshop |
| 25:13 | Crear | Villager (Male) |
| 25:37 | Crear | Villager (Male) |
| 25:37 | Crear | Villager (Male) |
| 25:45 | Crear | Villager (Male) |
| 26:26 | Crear | Villager (Male) |
| 26:36 | Crear | Villager (Male) |
| 26:51 | Construir | Castle |
| 26:57 | Crear | Villager (Male) |
| 26:57 | Crear | Villager (Male) |
| 26:58 | Crear | Villager (Male) |
| 27:10 | Crear | Villager (Male) |
| 27:10 | Crear | Villager (Male) |
| 27:27 | Crear | Villager (Male) |
| 27:28 | Crear | Villager (Male) |
| 27:47 | Investigar | Bow Saw |
| 27:51 | Crear | War Wagon |
| 27:52 | Crear | War Wagon |
| 28:00 | Crear | Villager (Male) |
| 28:00 | Crear | Villager (Male) |
| 28:06 | Construir | Farm |
| 28:07 | Crear | Villager (Male) |
| 28:08 | Crear | Villager (Male) |
| 28:27 | Construir | Farm |
| 28:32 | Crear | Villager (Male) |
| 28:32 | Crear | Villager (Male) |
Build order — 根本舒服~
Primeras 150 de 275 acciones detectadas
| 0:02 | Crear | Villager (Male) |
| 0:02 | Crear | Villager (Male) |
| 0:02 | Crear | Villager (Male) |
| 0:02 | Crear | Villager (Male) |
| 0:03 | Crear | Villager (Male) |
| 0:05 | Construir | House |
| 0:07 | Construir | House |
| 1:42 | Crear | Villager (Male) |
| 1:42 | Crear | Villager (Male) |
| 2:03 | Crear | Villager (Male) |
| 2:03 | Crear | Villager (Male) |
| 2:15 | Construir | Lumber Camp |
| 2:30 | Crear | Villager (Male) |
| 2:31 | Crear | Villager (Male) |
| 2:51 | Crear | Villager (Male) |
| 2:51 | Crear | Villager (Male) |
| 2:52 | Crear | Villager (Male) |
| 3:28 | Crear | Villager (Male) |
| 3:29 | Crear | Villager (Male) |
| 3:29 | Crear | Villager (Male) |
| 3:41 | Construir | House |
| 4:19 | Construir | Mill |
| 4:31 | Crear | Villager (Male) |
| 4:32 | Crear | Villager (Male) |
| 4:32 | Crear | Villager (Male) |
| 4:32 | Crear | Villager (Male) |
| 5:15 | Construir | House |
| 5:30 | Crear | Villager (Male) |
| 5:30 | Crear | Villager (Male) |
| 5:30 | Crear | Villager (Male) |
| 5:30 | Crear | Villager (Male) |
| 5:31 | Crear | Villager (Male) |
| 5:31 | Crear | Villager (Male) |
| 5:58 | Construir | Mill |
| 6:10 | Crear | Villager (Male) |
| 6:10 | Crear | Villager (Male) |
| 6:10 | Crear | Villager (Male) |
| 6:35 | Crear | Villager (Male) |
| 6:35 | Crear | Villager (Male) |
| 7:04 | Crear | Villager (Male) |
| 7:16 | Crear | Villager (Male) |
| 7:45 | Construir | Mining Camp |
| 8:19 | Investigar | Feudal Age |
| 8:23 | Construir | Mining Camp |
| 9:46 | Crear | Villager (Male) |
| 9:46 | Crear | Villager (Male) |
| 9:57 | Construir | Farm |
| 10:32 | Edad | Edad Feudal |
| 10:36 | Construir | Market |
| 10:41 | Construir | Blacksmith |
| 11:41 | Investigar | Castle Age |
| 11:41 | Investigar | Castle Age |
| 11:41 | Investigar | Castle Age |
| 12:12 | Investigar | Double-Bit Axe |
| 12:21 | Construir | House |
| 12:36 | Construir | Farm |
| 13:38 | Construir | Farm |
| 13:38 | Construir | Farm |
| 13:50 | Investigar | Loom |
| 13:51 | Crear | Villager (Male) |
| 13:51 | Crear | Villager (Male) |
| 14:21 | Edad | Edad de los Castillos |
| 14:25 | Construir | Castle |
| 14:36 | Investigar | Bow Saw |
| 14:49 | Investigar | Horse Collar |
| 15:19 | Crear | Villager (Male) |
| 15:32 | Crear | Gbeto |
| 15:32 | Crear | Gbeto |
| 15:33 | Crear | Gbeto |
| 15:38 | Crear | Villager (Male) |
| 15:54 | Construir | Farm |
| 15:55 | Construir | Farm |
| 16:04 | Crear | Gbeto |
| 16:04 | Crear | Gbeto |
| 16:04 | Crear | Gbeto |
| 16:04 | Crear | Gbeto |
| 16:06 | Crear | Villager (Male) |
| 16:06 | Crear | Villager (Male) |
| 16:27 | Construir | Mining Camp |
| 16:35 | Crear | Gbeto |
| 16:35 | Crear | Gbeto |
| 16:55 | Crear | Villager (Male) |
| 16:56 | Crear | Villager (Male) |
| 16:56 | Crear | Villager (Male) |
| 16:56 | Crear | Villager (Male) |
| 17:33 | Construir | Siege Workshop |
| 18:12 | Crear | Villager (Male) |
| 18:13 | Crear | Villager (Male) |
| 18:13 | Crear | Villager (Male) |
| 18:14 | Crear | Villager (Male) |
| 18:22 | Crear | Battering Ram |
| 18:22 | Crear | Battering Ram |
| 18:23 | Crear | Battering Ram |
| 18:36 | Crear | Gbeto |
| 18:36 | Crear | Gbeto |
| 18:47 | Crear | Gbeto |
| 18:47 | Crear | Gbeto |
| 18:48 | Crear | Gbeto |
| 18:48 | Crear | Gbeto |
| 19:15 | Crear | Battering Ram |
| 19:15 | Crear | Battering Ram |
| 19:15 | Crear | Battering Ram |
| 19:24 | Crear | Gbeto |
| 19:25 | Crear | Gbeto |
| 19:25 | Crear | Gbeto |
| 19:25 | Crear | Gbeto |
| 19:32 | Crear | Battering Ram |
| 19:32 | Crear | Battering Ram |
| 19:33 | Crear | Battering Ram |
| 19:46 | Crear | Villager (Male) |
| 19:46 | Crear | Villager (Male) |
| 19:54 | Crear | Gbeto |
| 19:54 | Crear | Gbeto |
| 19:55 | Crear | Gbeto |
| 19:55 | Crear | Gbeto |
| 20:01 | Crear | Battering Ram |
| 20:01 | Crear | Battering Ram |
| 20:24 | Construir | House |
| 20:25 | Construir | House |
| 20:26 | Construir | House |
| 20:30 | Crear | Gbeto |
| 20:30 | Crear | Gbeto |
| 20:30 | Crear | Gbeto |
| 20:37 | Crear | Villager (Male) |
| 20:37 | Crear | Villager (Male) |
| 20:51 | Construir | Farm |
| 20:51 | Construir | Farm |
| 20:51 | Construir | Farm |
| 20:58 | Crear | Gbeto |
| 20:58 | Crear | Gbeto |
| 20:58 | Crear | Gbeto |
| 21:12 | Crear | Villager (Male) |
| 21:12 | Crear | Villager (Male) |
| 21:19 | Crear | Battering Ram |
| 21:32 | Construir | House |
| 21:33 | Construir | House |
| 21:34 | Construir | House |
| 21:38 | Crear | Gbeto |
| 21:39 | Crear | Gbeto |
| 21:51 | Crear | Villager (Male) |
| 21:51 | Crear | Villager (Male) |
| 21:52 | Crear | Villager (Male) |
| 21:52 | Crear | Villager (Male) |
| 22:10 | Crear | Gbeto |
| 22:20 | Investigar | Scale Mail Armor |
| 22:29 | Construir | Farm |
| 22:29 | Construir | Farm |
| 22:29 | Construir | Farm |
| 23:33 | Crear | Gbeto |
| 23:34 | Crear | Gbeto |
Cronología de la partida
| 8:40 | Avy Boy ♡ · age_up feudal |
| 10:11 | Manuel24 · age_up feudal |
| 10:32 | 1y · age_up feudal |
| 10:32 | 根本舒服~ · age_up feudal |
| 10:32 | ALI · age_up feudal |
| 10:58 | ZeiZei · age_up feudal |
| 11:43 | 飛越集賢樓 · age_up feudal |
| 14:08 | 1y · age_up castle |
| 14:10 | ALI · age_up castle |
| 14:17 | Manuel24 · age_up castle |
| 14:20 | Manuel24 · first_building Castle |
| 14:21 | 根本舒服~ · age_up castle |
| 14:25 | 根本舒服~ · first_building Castle |
| 14:30 | ZeiZei · age_up castle |
| 15:02 | 根本舒服~ · first_market_buy 100 food |
| 15:13 | ALI · first_building Siege Workshop |
| 15:22 | 飛越集賢樓 · age_up castle |
| 15:40 | ALI · first_market_sell 100 stone |
| 15:49 | Manuel24 · first_building Siege Workshop |
| 15:55 | Avy Boy ♡ · age_up castle |
| 15:55 | ZeiZei · first_market_sell 100 wood |
| 16:00 | 飛越集賢樓 · first_building Castle |
| 16:51 | 1y · first_building Monastery |
| 17:14 | ZeiZei · first_market_buy 100 stone |
| 17:19 | 1y · first_market_buy 100 food |
| 17:21 | Avy Boy ♡ · first_building Monastery |
| 17:26 | ZeiZei · first_building Castle |
| 17:28 | 飛越集賢樓 · first_market_buy 100 stone |
| 17:33 | 根本舒服~ · first_building Siege Workshop |
| 17:55 | ALI · first_market_buy 100 stone |
| 18:20 | 飛越集賢樓 · first_market_sell 100 wood |
| 18:28 | ZeiZei · first_building Siege Workshop |
| 19:25 | ChuckAcsuka · first_building Monastery |
| 21:40 | ChuckAcsuka · first_building Barracks |
| 21:58 | 飛越集賢樓 · first_building Siege Workshop |
| 22:42 | 飛越集賢樓 · wall_segment Stone Wall x5 |
| 22:47 | 飛越集賢樓 · wall_segment Stone Wall x6 |
| 22:50 | 飛越集賢樓 · wall_segment Stone Wall x4 |
| 22:57 | ChuckAcsuka · first_building Stable |
| 25:08 | 1y · first_market_sell 100 food |
| 26:25 | ChuckAcsuka · first_market_sell 100 wood |
| 26:37 | ChuckAcsuka · first_building Castle |
| 26:41 | 1y · first_building Castle |
| 27:31 | Avy Boy ♡ · first_building Castle |
| 27:31 | 1y · first_building Barracks |
| 28:17 | 1y · first_building Stable |
| 28:28 | ALI · first_building Monastery |
| 28:29 | 1y · age_up imperial |
| 28:40 | Avy Boy ♡ · first_building Barracks |
| 28:55 | 飛越集賢樓 · first_building Barracks |
| 29:00 | Avy Boy ♡ · first_building Archery Range |
| 30:14 | Avy Boy ♡ · age_up imperial |
| 30:33 | ALI · first_building Castle |
| 31:34 | 飛越集賢樓 · first_building Stable |
| 31:59 | 根本舒服~ · wall_segment Stone Wall x1 |
| 32:09 | ALI · first_building Barracks |
| 32:21 | Manuel24 · first_building Barracks |
| 32:42 | ALI · age_up imperial |
| 33:04 | ChuckAcsuka · first_building Siege Workshop |
| 33:10 | Manuel24 · age_up imperial |
| 33:23 | 飛越集賢樓 · wall_segment Stone Wall x6 |
| 33:57 | Manuel24 · first_building Archery Range |
| 36:04 | ZeiZei · first_building Barracks |
| 36:33 | ChuckAcsuka · first_market_buy 100 wood |
| 37:00 | ZeiZei · first_building Stable |
| 37:15 | ZeiZei · age_up imperial |
| 42:27 | 根本舒服~ · first_market_sell 100 wood |
| 44:38 | ALI · first_building Stable |
| 45:38 | Avy Boy ♡ · first_building Siege Workshop |
| 46:01 | 1y · tribute_sent a jugador 1 |
| 46:01 | 1y · tribute_sent a jugador 2 |
| 46:01 | 1y · tribute_sent a jugador 3 |
| 46:01 | 1y · tribute_sent a jugador 4 |
| 46:01 | 1y · tribute_sent a jugador 5 |
| 46:01 | 1y · tribute_sent a jugador 7 |
| 46:01 | 1y · tribute_sent a jugador 8 |
| 49:13 | 根本舒服~ · resign |
| 49:34 | Avy Boy ♡ · first_market_buy 100 stone |
[ ANÁLISIS IA · 1 CRÉDITO ]
¿Qué pasó realmente en esta partida?
Wolo.gg analiza cada decisión: build order, eco, micro, errores típicos por bracket. Análisis personalizado por WhatsApp o Discord en 30 segundos.
Guía civ
Sarracenos
Perfil
Jugador #1252382